 Dungeon Crawl Stone Soup version 0.17.1-2-g5865329 (webtiles) character file.

6 xeno23 the Magician (level 2, 0/17 HPs)
             Began as a Halfling Wanderer on Jan 19, 2016.
             Slain by a hobgoblin
             ... wielding a +0 club
              (4 damage)
             ... on level 1 of the Dungeon.
             The game lasted 00:04:31 (209 turns).

xeno23 the Magician (Halfling Wanderer)              Turns: 209, Time: 00:04:31

Health: 0/17       AC:  2    Str:  9    XL:     2   Next: 0%
Magic:  0/7        EV: 13    Int: 14    God:
Gold:   0          SH:  0    Dex: 13    Spells: 2 memorised, 7 levels left

rFire  . . .     SeeInvis .     e - +0 dagger
rCold  . . .     Clarity  .     d - +0 robe
rNeg   . . .     SustAt   .     (shield restricted)
rPois  .         Gourm    .     (no helmet)
rElec  .         Spirit   .     (no cloak)
rCorr  .         Warding  .     (no gloves)
rMut   .         Stasis   .     (no boots)
MR     .....                    (no amulet)
Stlth  +.........               (no ring)
                                (no ring)

@: not resistant to hostile enchantments, very unstealthy
A: mutation resistance 1
a: no special abilities


You were on level 1 of the Dungeon.
You were not hungry.

You visited 1 branch of the dungeon, and saw 1 of its levels.

Inventory:

Hand Weapons
 e - a +0 dagger (weapon)
Armour
 d - a +0 robe (worn)
Wands
 c - a wand of random effects (15)
Potions
 g - a potion of curing {unknown}
Books
 a - a book of Conjurations

   Spells                             Type                      Level
   a - Magic Dart                     Conjuration                  1
   b - Searing Ray                    Conjuration                  2
   c - Dazzling Spray                 Conjuration/Hexes            3
   d - Fulminant Prism                Conjuration/Hexes            4
   e - Iskenderun's Mystic Blast      Conjuration                  4
   f - Iskenderun's Battlesphere      Conjuration/Charms           5
 b - the Grimoire of Slavery

   Spells                             Type                      Level
   a - Summon Small Mammal            Summoning                    1
   b - Call Imp                       Summoning                    2
Comestibles
 f - a bread ration
 h - a meat ration
 i - a chunk of flesh


   Skills:
 + Level 0.0 Fighting
 * Level 1.1 Short Blades
 + Level 0.0 Dodging
 + Level 0.5 Stealth
 - Level 4.1 Spellcasting
 + Level 1.6 Conjurations
 + Level 0.3 Summonings
   Level 1.0 Fire Magic
 - Level 2.0 Evocations


You had 7 spell levels left.
You knew the following spells:

 Your Spells              Type           Power        Failure   Level  Hunger
a - Magic Dart            Conj           #...         12%         1    None
s - Summon Small Mammal   Summ           #...         21%         1    None


Dungeon Overview and Level Annotations

Branches:
Dungeon (1/15)

Altars:


Innate Abilities, Weirdness & Mutations

You are small and have problems with some larger weapons.
You are somewhat resistant to further mutation.


Message History

Confirm with . or Enter, or press ? or * to list all spells.
Aiming: Magic Dart
Press: ? - help, Shift-Dir - straight line, f - hobgoblin
Aim: a hobgoblin, wielding a club (lightly wounded)
The magic dart hits the hobgoblin.
The hobgoblin is lightly wounded.
Your bat hits the jackal but does no damage.
Your bat barely misses the jackal.
The goblin closely misses your bat. The hobgoblin closely misses you.
Casting: Magic Dart
Confirm with . or Enter, or press ? or * to list all spells.
Aiming: Magic Dart
Press: ? - help, Shift-Dir - straight line, f/p - hobgoblin
Aim: a hobgoblin, wielding a club (lightly wounded)
The magic dart hits the hobgoblin.
The hobgoblin is almost dead.
Your bat hits the jackal but does no damage.
Your bat barely misses the jackal.
Your bat misses the jackal. The goblin hits your bat with a dagger.
The hobgoblin hits you with a club.
You die...

#....#...).......#....
#....#.......###.#....
#....##'#........#....
#....##.#..#.#####....
+.......#..#.......###
#....###############
+....'......
###....#######
........@b#
####...##g# .
+....#h######...
#.....bg........
#........?.......
#....g...........
#............!...
.................
.....##.#########


You could see a jackal, a hobgoblin, a goblin and 2 friendly bats.

Vanquished Creatures
  A bat (D:1)
  A giant cockroach (D:1)
  A hobgoblin (D:1)
  A jackal (D:1)
  A goblin (D:1)
5 creatures vanquished.

Notes
Turn   | Place    | Note
--------------------------------------------------------------
     0 | D:1      | xeno23 the Halfling Wanderer began the quest for the Orb.
     0 | D:1      | xeno23 set off with: a book of Conjurations, the Grimoire of Slavery, a wand of random effects (15), a +0 robe, a +0 dagger, a bread ration
     0 | D:1      | Reached XP level 1. HP: 11/11 MP: 5/5
     2 | D:1      | Identified the Grimoire of Slavery
     4 | D:1      | Learned a level 1 spell: Summon Small Mammal
     6 | D:1      | Learned a level 1 spell: Magic Dart
    67 | D:1      | Reached skill level 1 in Short Blades
   207 | D:1      | Reached XP level 2. HP: 4/17 MP: 1/7
   209 | D:1      | Slain by a hobgoblin

Action                   || total
-------------------------++-------
Melee: Dagger            ||    21
 Cast: Magic Dart        ||    12
       Summon Small Mamm ||     2
